 Dungeon Crawl Stone Soup version 0.23.2-11-gf996548 (webtiles) character file.

Game seed: 18439821610990711142

4129 Fang the Fighter (level 10, 0/65 HPs)
             Began as a Gargoyle Berserker on June 4, 2019.
             Was a High Priest of Trog.
             Slain by an orc warrior
             ... wielding a +0 short sword
              (10 damage)
             ... on level 7 of the Dungeon.
             The game lasted 00:08:01 (6867 turns).

Fang the Fighter (Gargoyle Berserker)               Turns: 6867, Time: 00:08:01

Health: 0/65       AC: 21    Str: 23    XL:     10   Next: 27%
Magic:  10/10      EV: 10    Int:  9    God:    Trog [*****.]
Gold:   321        SH:  3    Dex:  9    Spells: 9/9 levels left

rFire    . . .     SeeInvis .   t - +1 hand axe (chop)
rCold    . . .     Gourm    .   (no shield)
rNeg     + . .     Faith    .   b - +0 chain mail
rPois    ∞         Spirit   .   (no helmet)
rElec    +         Reflect  +   e - scarf {cloud immunity}
rCorr    .         Harm     .   p - +2 pair of gloves
MR       .....                  (no boots)
Stlth    ..........             n - +3 amulet of reflection
HPRegen  0.20/turn              (no ring)
MPRegen  0.12/turn              (no ring)

@: marked, berserk cooldown, slowed, very slow
A: negative energy resistance 1, electricity resistance, unbreathing,
petrification resistance, rot immunity, AC +7
a: Berserk, Trog's Hand, Brothers in Arms, Renounce Religion


You were on level 7 of the Dungeon.
You worshipped Trog.
Trog was extremely pleased with you.
You were not hungry.

You visited 2 branches of the dungeon, and saw 8 of its levels.

You collected 321 gold pieces.

Inventory:

Hand Weapons
 a - a +0 hand axe
 t - a +1 hand axe of chopping (weapon)
Armour
 b - a +0 chain mail (worn)
 e - a scarf of cloud immunity (worn)
 p - a +2 pair of gloves (worn)
Jewellery
 n - a +3 amulet of reflection (around neck)
Wands
 q - a wand of flame (21)
 y - a wand of clouds (5)
Scrolls
 f - a scroll of fog {unknown}
 h - 5 scrolls of identify {unknown}
 j - 5 scrolls of remove curse
 k - 3 scrolls of fear {unknown}
 l - 3 scrolls of teleportation {unknown}
 m - a scroll of random uselessness {unknown}
 o - 3 scrolls of amnesia {unknown}
 u - a scroll of magic mapping {unknown}
 x - a scroll of silence {unknown}
Potions
 d - 3 potions of agility {unknown}
 g - a potion of magic {unknown}
 i - a potion of flight {unknown}
 r - 2 potions of heal wounds {unknown}
 s - 2 potions of curing
 w - 4 potions of resistance {unknown}
 z - 2 potions of brilliance {unknown}
 A - a potion of degeneration {unknown}
Comestibles
 c - 14 rations
 v - 5 chunks of flesh


   Skills:
 + Level 8.7 Fighting
 + Level 7.2 Axes
 + Level 8.3 Armour
 + Level 6.2 Dodging


You had 9 spell levels left.
You didn't know any spells.
Your spell library was empty.

Dungeon Overview and Level Annotations

Branches:
Dungeon (7/15)             Temple (1/1) D:4

Altars:
Dithmenos
Elyvilon
Gozag
Hepliaklqana
Makhleb
Ru
Sif Muna
Vehumet
Wu Jian
Yredelemnul
Zin

Annotations:
D:5 2 transporters, mortress's ghost, novice TeNe


Innate Abilities, Weirdness & Mutations

You are resistant to torment.
Your stone body is resilient. (AC +7)
You are immune to poison.
You resist negative energy. (rN+)
You are resistant to electric shocks. (rElec)
You can survive without breathing.
You are immune to petrification.
You are immune to rotting.


Message History

The orc warrior hits you but does no damage.
You hit the orc warrior but do no damage.
The orc warrior is severely wounded.
You hit the orc priest.
You kill the orc priest!
Trog accepts your kill.
You closely miss the orc wizard. You barely miss the orc wizard.
The orc wizard hits you but does no damage. x3
The orc warrior closely misses you. The orc wizard misses you.
You hit the orc warrior.
The orc warrior is severely wounded.
You completely miss the orc wizard.
Your chain mail prevents you from hitting the orc wizard.
The orc wizard gestures wildly while chanting.
The orc wizard blinks!
The orc warrior hits you with a +0 short sword!
* * * LOW HITPOINT WARNING * * *
The orc wizard hits you but does no damage.
The orc warrior hits you with a +0 short sword!
You die...

#..###+# ......#
........# .....#....#
........# ....# ........+
....# #########
#+####....# .........
#.........# .........
#.........#
.........###+##).§....o.#
.........#.....o@†).....#
.........'.....o........#
)........#..............#
)).###.###...(..?.......#
..##.....##.#########...#
#.#...⌠...#.###...###...#
#........P#.............#
#.##_P_P_##.............#
'..###P##P.............


You could see an orc warrior and 2 orc wizards.

Vanquished Creatures
  Harold (D:7)
  The ghost of coldmage the Grappler, a novice TrMo (D:3)
  A hippogriff (D:5)
  A spriggan (D:7)
  A vampire (D:6)
  Menkaure (D:4)
  Duvessa (D:4)
  An orc warrior (D:6)
  A phantom (D:6)
  2 ogres
  A crocodile (D:7)
  A bullfrog (D:7)
  Dowan (D:4)
  A scorpion (D:7)
  4 killer bees (D:4)
  2 howler monkeys
  8 crimson imps
  A jelly (D:6)
  A bullfrog zombie (D:5)
  2 bullfrog skeletons
  4 hounds
  7 orc priests
  2 centaur skeletons (D:5)
  Crazy Yiuf (D:4)
  Jessica (D:2)
  7 orc wizards
  Natasha (thrice) (D:4)
  2 iguanas (D:5)
  6 worker ants
  Robin (D:2)
  3 gnolls (D:6)
  6 adders
  A shadow imp (D:5)
  An adder zombie (D:5)
  An adder skeleton (D:5)
  4 worms
  A dart slug (D:2)
  6 leopard geckos
  25 orcs
  3 ball pythons
  7 giant cockroaches
  20 goblins
  4 hobgoblins
  10 jackals
  11 kobolds
  11 bats
  8 frilled lizards
  A giant cockroach zombie (D:6)
  A leopard gecko skeleton (D:4)
  A quokka zombie (D:5)
  7 rats
199 creatures vanquished.

Notes
Turn   | Place    | Note
-------+----------+-------------------------------------------
     0 | D:1      | Fang the Gargoyle Berserker began the quest for the Orb.
     0 | D:1      | Reached XP level 1. HP: 14/14 MP: 1/1
    76 | D:1      | Reached XP level 2. HP: 12/19 MP: 2/2
   313 | D:1      | Reached ** piety under Trog
   313 | D:1      | Reached XP level 3. HP: 15/24 MP: 3/3
   859 | D:2      | Noticed Jessica
   874 | D:2      | Killed Jessica
   874 | D:2      | Reached XP level 4. HP: 8/29 MP: 4/4
  1411 | D:2      | Noticed Robin
  1421 | D:2      | Reached XP level 5. HP: 19/33 MP: 5/5
  1425 | D:2      | Killed Robin
  1428 | D:2      | Reached *** piety under Trog
  2312 | D:3      | Found a runed translucent gate.
  2312 | D:3      | Found a runed translucent gate.
  2314 | D:3      | Found a runed translucent gate.
  2321 | D:3      | Noticed coldmage's ghost (novice TrMo)
  2341 | D:3      | Killed coldmage's ghost
  2341 | D:3      | Reached skill level 5 in Fighting
  2341 | D:3      | Reached XP level 6. HP: 21/40 MP: 6/6
  2341 | D:3      | Reached XP level 7. HP: 24/44 MP: 7/7
  2602 | D:3      | Found a faded altar of an unknown god.
  3075 | D:4      | Noticed Menkaure
  3089 | D:4      | Killed Menkaure
  3201 | D:4      | Reached skill level 5 in Armour
  3220 | D:4      | Reached XP level 8. HP: 6/51 MP: 8/8
  3487 | D:4      | Found a staircase to the Ecumenical Temple.
  3530 | Temple   | Entered the Ecumenical Temple
  3582 | D:4      | Noticed Dowan
  3605 | D:4      | Killed Dowan
  3605 | D:4      | Reached **** piety under Trog
  3605 | D:4      | Reached skill level 5 in Axes
  3827 | D:4      | Noticed Duvessa
  3839 | D:4      | Killed Duvessa
  3916 | D:4      | Found an opulent altar of Gozag.
  3923 | D:4      | Found a glowing silver altar of Zin.
  3967 | D:4      | Found a runed translucent door.
  3968 | D:4      | Noticed Crazy Yiuf
  4067 | D:4      | Noticed Natasha
  4080 | D:4      | Killed Natasha
  4103 | D:4      | Noticed Natasha
  4112 | D:4      | Killed Natasha
  4132 | D:4      | Found a hazy altar of Hepliaklqana.
  4203 | D:4      | Noticed Natasha
  4211 | D:4      | Killed Natasha
  4403 | D:4      | Killed Crazy Yiuf
  4454 | D:5      | Entered Level 5 of the Dungeon
  4454 | D:5      | Found a transporter.
  4535 | D:5      | Found a deep blue altar of Sif Muna.
  4862 | D:5      | Reached XP level 9. HP: 52/56 MP: 9/9
  5072 | D:5      | Reached skill level 5 in Dodging
  5429 | D:5      | Noticed mortress's ghost (novice TeNe)
  5584 | D:5      | Found a radiant altar of Vehumet.
  5584 | D:5      | Found a burning altar of Makhleb.
  5676 | D:5      | Found a transporter.
  6023 | D:6      | Reached ***** piety under Trog
  6346 | D:6      | Found a deep blue altar of Sif Muna.
  6348 | D:6      | Found a basalt altar of Yredelemnul.
  6351 | D:6      | Found a sacrificial altar of Ru.
  6690 | D:7      | Reached XP level 10. HP: 59/64 MP: 10/10
  6699 | D:7      | Found a shadowy altar of Dithmenos.
  6699 | D:7      | Found an ornate altar of the Wu Jian Council.
  6699 | D:7      | Found a white marble altar of Elyvilon.
  6818 | D:7      | Noticed Harold
  6839 | D:7      | Killed Harold
  6867 | D:7      | Slain by an orc warrior

Skill      XL: |  1  2  3  4  5  6  7  8  9 10 |
---------------+-------------------------------+-----
Axes           | 3 4 5 6 7 |  7.2
Dodging        | 2 3 4 5 6 |  6.2
Armour         | 3 4 5 6 7 8 |  8.3
Fighting       | 4 5 6 8 |  8.7

Action                   |  1- 3 |  4- 6 |  7- 9 | 10-12 || total
-------------------------+-------+-------+-------+-------++-------
Melee: Hand axe          |    91 |   123 |   626 |    33 ||   873
Invok: Berserk           |     1 |     2 |     9 |     1 ||    13
       Trog's Hand       |       |       |     1 |       ||     1
  Use: Scroll            |       |     1 |       |       ||     1
  Eat: Chunk             |       |     7 |    21 |     2 ||    30
       Ration            |       |       |     1 |       ||     1
Armor: Animal skin       |    42 |    52 |   157 |       ||   251
       Chain mail        |       |       |   179 |    25 ||   204
       Skin              |       |       |     1 |       ||     1
Dodge: Dodged            |    80 |    90 |   388 |    10 ||   568
Block: Other             |       |     4 |    76 |     1 ||    81
